 Dungeon Crawl Stone Soup version 0.21.1-1-g345015f (webtiles) character file.

65 inc the Ducker (level 3, -7/15 HPs)
             Began as a Felid Transmuter on Mar 5, 2018.
             Mangled by a centaur (10 damage)
             ... on level 4 of the Dungeon.
             The game lasted 00:03:17 (2166 turns).

inc the Ducker (Felid Transmuter)                   Turns: 2166, Time: 00:03:17

Health: -7/15      AC:  1    Str:  6    XL:     3   Next: 92%
Magic:  6/7        EV: 21    Int: 15    God:
Gold:   87         SH:  0    Dex: 16    Spells: 5/6 levels left
                                        Lives:  0   Deaths: 0

rFire    . . .     SeeInvis +     - Unarmed
rCold    + . .     Gourm    .   (shield unavailable)
rNeg     . . .     Faith    .   (armour unavailable)
rPois    .         Spirit   .   (helmet unavailable)
rElec    .         Reflect  .   (cloak unavailable)
rCorr    .         Harm     .   (gloves unavailable)
MR       .....                  (boots unavailable)
Stlth    ++........             (no amulet)
HPRegen  0.05/turn              h - ring of protection from cold
MPRegen  0.10/turn              (no ring)

@: appendage (expiring), quick
A: very small, no armour, no weapons or thrown items, stealth, claws 1, fangs 3,
horns 2, see invisible, carnivore, speed 1, shaggy fur 1, slow metabolism 1,
sharp paws
a: End Transformation


You were on level 4 of the Dungeon.
You were not hungry.
You had grown temporary horns.
You visited 1 branch of the dungeon, and saw 4 of its levels.

You collected 87 gold pieces.

Inventory:

Missiles
 a - 57 arrows
Jewellery
 h - a ring of protection from cold (left paw)
Scrolls
 d - 2 scrolls of fear {unknown}
 k - a scroll of identify {unknown}
 l - a scroll of magic mapping {unknown}
Potions
 e - a potion of flight {unknown}
 f - a potion of ambrosia {unknown}
 g - a potion of haste {unknown}
 i - a potion of heal wounds {unknown}
 j - a potion of brilliance {unknown}
Books
 b - a book of Changes

   Spells                             Type                      Level
   a - Beastly Appendage              Transmutation                1
   b - Sticks to Snakes               Transmutation                2
   c - Spider Form                    Transmutation/Poison         3
   d - Ice Form                       Ice/Transmutation            4
   e - Blade Hands                    Transmutation                5
Comestibles
 c - 3 rations


   Skills:
 - Level 1.0 Fighting
 + Level 5.7 Dodging
 - Level 3.0 Unarmed Combat
 - Level 2.0 Spellcasting
 - Level 2.1 Transmutations


You had 5 spell levels left.
You knew the following spells:

 Your Spells              Type           Power        Failure   Level  Hunger
a - Beastly Appendage     Tmut           #.....       9%          1    #......


Dungeon Overview and Level Annotations

Branches:
Dungeon (4/15)
 Temple: D:4-7

Altars:
Vehumet


Innate Abilities, Weirdness & Mutations

You cannot wear armour.
You are incapable of wielding weapons or throwing items.
Your paws allow you to move quietly. (Stealth)
You have sharp claws.
You have razor-sharp teeth.
You have supernaturally acute eyesight. (SInv)
You are carnivorous and can eat meat at any time.
You cover ground quickly.
You are covered in fur. (AC +1)
You have a slow metabolism.
Your sharp claws are effective at attacking unaware monsters.
You have a pair of horns on your head.


Message History

The centaur misses you.
You scratch the centaur but do no damage.
The centaur misses you. The centaur hits you!
You are too injured to fight recklessly!
You are too injured to fight recklessly!
You scratch the centaur but do no damage.
The centaur closely misses you.
You scratch the centaur.
The centaur is lightly wounded.
The centaur closely misses you.
You scratch the centaur but do no damage.
The centaur is lightly wounded.
The centaur hits you.
* * * LOW HITPOINT WARNING * * *
The centaur completely misses you.
You closely miss the centaur.
The centaur is lightly wounded.
The centaur hits you!
Ouch! That really hurt!
You die...

######### ##.......#
#####..(.....#
#####.........##.#######
#...#.###..............# #.....#
#........#####.# #...###
#.##.###.# #.# ##.## #.##.###.#
#.# #.# #..@c....# #.# #.#
####'##### #.# #.# ##...##
#.#### ##.## ##.....## #....#
##...# ##.......## ##....#
#####..#.####.........####.....#
............'.........'.......##
###.#....##.#.........####....#
#.#.#.###.##..c....## ##.#.#


You could see a centaur.

Vanquished Creatures
  An adder (D:2)
  3 worms
  2 dart slugs
  2 leopard geckos (D:1)
  3 orcs (D:3)
  2 giant cockroaches
  5 goblins
  4 hobgoblins
  A quokka (D:1)
  6 bats
  A frilled lizard (D:1)
  A kobold (D:1)
  8 rats
39 creatures vanquished.

Notes
Turn   | Place    | Note
-------+----------+-------------------------------------------
     0 | D:1      | inc the Felid Transmuter began the quest for the Orb.
     0 | D:1      | Reached XP level 1. HP: 9/9 MP: 4/4
    95 | D:1      | Reached skill level 3 in Dodging
   187 | D:1      | Reached XP level 2. HP: 10/12 MP: 6/6
   332 | D:1      | Reached skill level 4 in Dodging
   726 | D:1      | Reached XP level 3. HP: 13/15 MP: 7/7
  1033 | D:1      | Reached skill level 5 in Dodging
  1894 | D:4      | Noticed a phantom
  1937 | D:4      | Found a radiant altar of Vehumet.
  2150 | D:4      | Noticed a centaur
  2166 | D:4      | Mangled by a centaur

Skill      XL: |  1  2  3 |
---------------+----------+-----
Dodging        | 3 4 5 |  5.7
Fighting       | |  1.0
Unarmed Combat | |  3.0
Spellcasting   | |  2.0
Transmutations | |  2.1

Action                   || total
-------------------------++-------
Melee: Unarmed           ||   113
       Bite              ||     8
       Headbutt          ||    10
       Punch             ||     1
 Cast: Beastly Appendage ||     9
 Stab: Sleeping          ||     8
  Eat: Chunk             ||     4
Armor: Skin              ||     6
Dodge: Dodged            ||    82
